 Dungeon Crawl Stone Soup version 0.21-a0-578-gc6e9d75 (webtiles) character file.

28 nikopol the Covered (level 3, 0/23 HPs)
             Began as a Gargoyle Fighter on Dec 18, 2017.
             Slain by a hippogriff (5 damage)
             ... on level 2 of the Dungeon.
             The game lasted 00:02:57 (741 turns).

nikopol the Covered (Gargoyle Fighter)               Turns: 741, Time: 00:02:57

Health: 0/23       AC: 10    Str: 19    XL:     3   Next: 12%
Magic:  3/3        EV:  7    Int:  8    God:
Gold:   39         SH:  9    Dex: 10    Spells: 2/2 levels left

rFire    . . .     SeeInvis .   a - +0 flail
rCold    . . .     Gourm    .   c - +0 shield
rNeg     + . .     Faith    .   b - +0 scale mail
rPois    ∞         Spirit   .   (no helmet)
rElec    +         Reflect  .   (no cloak)
rCorr    .         Harm     .   (no gloves)
MR       .....                  (no boots)
Stlth    ..........             (no amulet)
HPRegen  0.07/turn              (no ring)
MPRegen  0.08/turn              (no ring)

@: no status effects
A: negative energy resistance 1, electricity resistance, unbreathing,
petrification resistance, rot immunity, AC +3
a: no special abilities


You were on level 2 of the Dungeon.
You were not hungry.

You visited 1 branch of the dungeon, and saw 2 of its levels.

You collected 39 gold pieces.

Inventory:

Hand Weapons
 a - a +0 flail (weapon)
Armour
 b - a +0 scale mail (worn)
 c - a +0 shield (worn)
Scrolls
 g - 2 scrolls of remove curse {unknown}
 h - a scroll of identify {unknown}
 l - a scroll of enchant armour {unknown}
Potions
 d - 2 potions of might
 e - a potion of agility {unknown}
 i - a potion of heal wounds {unknown}
 k - a potion of resistance {unknown}
Comestibles
 f - 3 rations
 j - 3 chunks of flesh


   Skills:
 + Level 3.5 Fighting
 + Level 2.2 Maces & Flails
 + Level 4.0 Armour
 + Level 0.1 Dodging
 + Level 3.6 Shields


You had 2 spell levels left.
You didn't know any spells.

Dungeon Overview and Level Annotations

Branches:
Dungeon (2/15)

Altars:


Innate Abilities, Weirdness & Mutations

You are resistant to torment.
Your stone body is resilient. (AC +3)
You are immune to poison.
You resist negative energy. (rN+)
You are resistant to electric shocks. (rElec)
You can survive without breathing.
You are immune to petrification.
You are immune to rotting.


Message History

The hippogriff bites you but does no damage.
The hippogriff pecks you but does no damage.
You block the hippogriff's attack. You block the hobgoblin's attack.
The hippogriff bites you.
The hippogriff pecks you but does no damage.
You block the hippogriff's attack.
You barely miss the hobgoblin.
The hobgoblin is lightly wounded.
The hobgoblin hits you but does no damage.
The hippogriff barely misses you.
The hippogriff pecks you but does no damage.
The hippogriff claws you.
You hit the hobgoblin.
You kill the hobgoblin!
The hippogriff bites you.
The hippogriff pecks you but does no damage.
The hippogriff misses you. The hippogriff bites you.
* * * LOW HITPOINT WARNING * * *
The hippogriff pecks you.
You die...

..#######.##..#
..#######.##..####
....)............#
)..........#..##.#
...#########..##.#
##.# #..##.# #.#
#..##.####### #.#
#..##.H...... #.#
#..##@####### #..
... #)# #.# #.#
... #.. #.. #..#


You could see a hippogriff.

Vanquished Creatures
  An adder (D:2)
  A leopard gecko (D:2)
  A giant cockroach (D:1)
  2 goblins
  3 hobgoblins (D:2)
  3 bats
  4 kobolds
  4 rats
19 creatures vanquished.

Notes
Turn   | Place    | Note
-------+----------+-------------------------------------------
     0 | D:1      | nikopol the Gargoyle Fighter began the quest for the Orb.
     0 | D:1      | Reached XP level 1. HP: 14/14 MP: 1/1
   486 | D:2      | Reached XP level 2. HP: 19/19 MP: 2/2
   511 | D:2      | Reached skill level 4 in Armour
   695 | D:2      | Reached XP level 3. HP: 22/23 MP: 3/3
   732 | D:2      | Noticed a hippogriff
   741 | D:2      | Slain by a hippogriff

Vault maps used:
D:1:      minmay_arrival_four_circles
D:2:      makhleb_grotto_becter, eino_tiny_chamber, minmay_liquid_box

Skill      XL: |  1  2 |
---------------+-------+-----
Armour         | 4 |  4.0
Fighting       | |  3.5
Maces & Flails | |  2.2
Dodging        | |  0.1
Shields        | |  3.6

Action                   || total
-------------------------++-------
Melee: Flail             ||    73
Armor: Scale mail        ||    40
Dodge: Dodged            ||    27
Block: Shield            ||    49

Table legend:
 A = Spawn XP
 B = Non-spawn XP
 C = Spawn XP percentage of total XP
 D = Spawn monster count
 E = Non-spawn monster count
 F = Spawn count percentage of total count
 G = Total turns spent on level
                    A         B        C        D         E        F      G
               +---------+---------+-------+---------+---------+-------+---------
         Total |       0 |      40 |   0.0 |       0 |      19 |   0.0 |   741
               +---------+---------+-------+---------+---------+-------+---------
           D:1 |       0 |       9 |   0.0 |       0 |       7 |   0.0 |   478
           D:2 |       0 |      31 |   0.0 |       0 |      12 |   0.0 |   263
               +---------+---------+-------+---------+---------+-------+---------
